 Dungeon Crawl Stone Soup version 0.28.0 (webtiles) character file.

Game seed: 6331944978562709907

6660 Majang the Covert (level 11, -1/87 HPs)
             Began as a Gnoll Delver on Feb 18, 2022.
             Slain by a slime creature (9 damage)
             ... on level 9 of the Dungeon.
             The game lasted 00:59:24 (13558 turns).

Majang the Covert (Gnoll Delver)                   Turns: 13558, Time: 00:59:24

Health: -1/87      AC: 15    Str: 13    XL:     11   Next: 3%
Magic:  28/28      EV: 14    Int: 13    God:
Gold:   184        SH:  0    Dex: 13    Spells: 18/21 levels left

rFire   + . .      SeeInvis .   a - +5 flail (protect)
rCold   . . .      Faith    .   (no shield)
rNeg    . . .      Spirit   .   u - +1 leather armour {rF+}
rPois   .          Reflect  .   (no helmet)
rElec   .          Harm     .   E - +2 cloak
rCorr   .          Rampage  .   (no gloves)
Will    .....                   (no boots)
Stlth   ++++......              (no amulet)
HPRegen 0.24/turn               d - ring of magical power
MPRegen 0.21/turn               (no ring)

@: under a protective aura
A: fangs 1, strong nose, distributed training
a: no special abilities


You were on level 9 of the Dungeon.
You visited 2 branches of the dungeon, and saw 10 of its levels.

You collected 417 gold pieces.
You spent 233 gold pieces at shops.

Inventory:

Hand Weapons
 a - a +5 flail of protection (weapon)
 b - a +4 quarterstaff of chaos
 f - a +0 shortbow
 h - a +2 flail of holy wrath
 r - the +6 rapier "Impid" {freeze, *Slow rN+ Int+2}
   (You took it off an orc warrior on level 9 of the Dungeon)

   It freezes those it strikes, dealing additional cold damage.
   It can also slow down cold-blooded creatures.
   Int:       It affects your intelligence (+2).
   rN:        It protects you from negative energy.
   *Slow:     It may slow you when you take damage.
 x - a +2 hand axe of protection
 B - a +1 glaive of flaming
 F - the +4 dagger "Anoc" {vorpal, +Blink MP+9 Int-5}
   (You found it on level 9 of the Dungeon)

   It inflicts extra damage upon your enemies.
   Int:       It affects your intelligence (-5).
   MP:        It affects your magic capacity (+9).
   +Blink:    It lets you blink.
Missiles
 k - 55 bolts
 o - 160 arrows
 t - a boomerang
 z - a poisoned dart (quivered)
Armour
 q - a +0 chain mail
 u - a +1 leather armour of fire resistance (worn)
 v - a +0 ring mail
 w - a +0 plate armour
 C - +0 steam dragon scales
 E - a +2 cloak (worn)
Jewellery
 d - a ring of magical power (left hand)
 p - a ring of see invisible
Wands
 g - a wand of digging (3)
 i - a wand of charming (3)
 m - a wand of flame (14)
 H - a wand of mindburst (6)
Scrolls
 c - 2 scrolls of fog
 e - a scroll of fear
 y - a scroll of blinking
 D - a scroll of enchant armour
 G - a scroll of teleportation
Potions
 j - 2 potions of curing
 l - a potion of resistance
 n - 2 potions of mutation
 s - 3 potions of attraction
 A - 2 potions of brilliance


   Skills:
 + Level 8.9 Fighting
 + Level 5.8 Short Blades
 + Level 5.8 Long Blades
 + Level 5.8 Axes
 + Level 7.5 Maces & Flails
 + Level 5.8 Polearms
 + Level 5.8 Staves
 + Level 5.8 Slings
 + Level 5.8 Bows
 + Level 5.8 Crossbows
 + Level 5.8 Throwing
 + Level 5.8 Armour
 + Level 7.5 Dodging
 + Level 11.2 Stealth
 + Level 5.8 Shields
 + Level 5.8 Unarmed Combat
 + Level 5.8 Spellcasting
 + Level 4.8 Conjurations
 + Level 4.8 Hexes
 + Level 4.8 Summonings
 + Level 4.8 Necromancy
 + Level 4.8 Translocations
 + Level 4.8 Transmutations
 + Level 4.8 Fire Magic
 + Level 4.8 Ice Magic
 + Level 4.8 Air Magic
 + Level 4.8 Earth Magic
 + Level 4.8 Poison Magic
 + Level 6.4 Invocations
 + Level 5.8 Evocations


You had 18 spell levels left.
You knew the following spells:

 Your Spells              Type           Power      Damage    Failure   Level
r - Frozen Ramparts       Ice            32%        1d5       9%          3

Your spell library contained the following spells:

 Spells                   Type           Power      Damage    Failure   Level
 Freeze                   Ice            64%        1d8       2%          1
 Summon Small Mammal      Summ           64%        N/A       2%          1
 Call Canine Familiar     Summ           16%        N/A       9%          3
 Summon Guardian Golem    Hex/Summ       16%        N/A       9%          3
 Tukima's Dance           Hex            16%        N/A       9%          3
 Anguish                  Hex/Necr       8%         N/A       28%         4
 Hailstorm                Conj/Ice       16%        3d6       28%         4
 Ice Form                 Ice/Tmut       16%        N/A       28%         4
 Summon Ice Beast         Ice/Summ       16%        N/A       28%         4
 Enfeeble                 Hex            8%         N/A       100%        7
 Orb of Destruction       Conj           8%         9d6       100%        7
 Spellforged Servitor     Conj/Summ      8%         N/A       100%        7


Dungeon Overview and Level Annotations

Branches:
Dungeon (9/15)             Temple (1/1) D:7            Lair (0/6) D:9
    Orc: D:9-12

Altars:
Ashenzari
Dithmenos
Elyvilon
Fedhas
Gozag
Hepliaklqana
Kikubaaqudgha
Makhleb
Nemelex Xobeh
Okawaru
Qazlal
Ru
Sif Muna
Trog
Uskayaw
Vehumet
Wu Jian
Xom
Yredelemnul
Zin
The Shining One

Shops:
D:7 ?


Innate Abilities, Weirdness & Mutations

You have very sharp teeth.
Your uncanny sense of smell can sniff out nearby items.
Your experience applies equally to all skills.


Message History

The slime creature misses you. The slime creature hits you.
You hit the slime creature.
The slime creature is severely wounded.
The slime creature hits you. The slime creature misses you.
You thump the slime creature!
The slime creature is almost dead.
The slime creature hits you! The slime creature closely misses you.
The slime creature hits you!
You hit the slime creature.
The slime creature is almost dead.
The slime creature hits you but does no damage.
The slime creature barely misses you.
Aiming: Charm
Press: ? - help, Shift-Dir - straight line, f - slime creature
Aim: a slime creature (almost dead, chance to affect: 46%)
The slime creature resists with some effort.
The slime creature hits you. The slime creature closely misses you.
Aiming: Charm
Press: ? - help, Shift-Dir - straight line, f/p - slime creature
Aim: a slime creature (almost dead, chance to affect: 46%)
The slime creature is charmed.
The slime creature barely misses you.
You sock the slime creature!
The slime creature is lightly wounded.
The slime creature hits you!
* * * LOW HITPOINT WARNING * * *
Your slime creature hits the slime creature!
You completely miss the slime creature.
The slime creature is moderately wounded.
The slime creature closely misses you.
Your slime creature hits the slime creature.
You sock the slime creature!
The slime creature is heavily wounded.
The slime creature hits you!
* * * LOW HITPOINT WARNING * * *
Your slime creature hits the slime creature!!
You hit the slime creature.
You bite the slime creature, but do no damage.
The slime creature is almost dead.
The slime creature hits you!
You die...

.#####+### #............P...P....
≈........# #........#.P......>...
≈........###........#..P.......P.
.≈.o.....'.#........#....P......P
J..J.....#.#........#..........P.
.........#)#........##..........P
.≈.......#.#........##...P.......
≈(..J....#.#...JJ...###..........
.........#......@...# #......P...
.........###........# ##....P....
..#..##### ######.### #......P..
#.# ##.....÷.# #.# #.####### #.#
#........ ####'#### ####.....
#.......# ###...). #.....<.#
#.'.....


You could see a slime creature (ally target) and a friendly slime creature
(charmed).

Vanquished Creatures
  A two-headed ogre (D:9)
  An orb spider (shapeshifter) (D:9)
  A deep elf pyromancer (D:7)
  Maurice (D:8)
  A gargoyle (D:8)
  A komodo dragon (D:9)
  Prince Ribbit (D:6)
  Sigmund (D:2)
  A wraith (D:9)
  A yak (D:9)
  2 steam dragons
  A fire bat (D:9)
  3 water moccasins
  Edmund (D:5)
  Duvessa (D:5)
  2 orc warriors
  A necrophage (D:7)
  An ice beast (D:8)
  A sky beast (D:5)
  3 black bears
  A centaur (D:7)
  7 bullfrogs
  A scorpion (D:6)
  A water moccasin skeleton (D:5)
  Dowan (D:5)
  A killer bee (D:7)
  A bullfrog zombie (D:6)
  3 howler monkeys (D:6)
  A centaur zombie (D:8)
  2 bullfrog skeletons (D:6)
  A hound (D:6)
  Crazy Yiuf (D:2)
  A centaur skeleton (D:7)
  3 orc priests
  A gnoll shaman (D:5)
  2 iguanas (D:6)
  Terence (D:2)
  4 orc wizards
  A killer bee zombie (D:9)
  A hound zombie (D:5)
  A howler monkey zombie (D:7)
  26 gnolls
  5 adders
  2 shadow imps
  2 white imps (D:8)
  An adder skeleton (D:4)
  16 orcs
  2 ball pythons
  4 bats
  6 endoplasms
  3 giant cockroaches
  7 goblins
  12 hobgoblins
  3 jackals (D:3)
  11 quokkas
  A frilled lizard (D:2)
  11 kobolds
  A quokka skeleton (D:4)
  4 rats
179 creatures vanquished.

Vanquished Creatures (collateral kills)
  An orc priest (D:9)
1 creature vanquished.

Vanquished Creatures (others)
  A slime creature (D:9)
  34 fungi (D:9)
  47 plants
82 creatures vanquished.

Grand Total: 262 creatures vanquished

Notes
Turn   | Place    | Note
-------+----------+-------------------------------------------
     0 | D:5      | Reached skill level 9 in Stealth
     0 | D:5      | Majang the Gnoll Delver began the quest for the Orb.
     0 | D:5      | Reached XP level 1. HP: 23/23 MP: 1/1
   354 | D:3      | Reached XP level 2. HP: 26/29 MP: 2/2
   399 | D:2      | Noticed Sigmund
   399 | D:2      | Noticed Terence
   435 | D:2      | Reached XP level 3. HP: 15/35 MP: 3/3
  1049 | D:1      | Reached skill level 1 in Invocations
  1451 | D:1      | Reached skill level 1 in Short Blades
  1451 | D:1      | Reached skill level 1 in Long Blades
  1451 | D:1      | Reached skill level 1 in Axes
  1451 | D:1      | Reached skill level 1 in Polearms
  1451 | D:1      | Reached skill level 1 in Staves
  1451 | D:1      | Reached skill level 1 in Slings
  1451 | D:1      | Reached skill level 1 in Bows
  1451 | D:1      | Reached skill level 1 in Crossbows
  1451 | D:1      | Reached skill level 1 in Throwing
  1451 | D:1      | Reached skill level 1 in Armour
  1451 | D:1      | Reached skill level 1 in Shields
  1451 | D:1      | Reached skill level 1 in Unarmed Combat
  1451 | D:1      | Reached skill level 1 in Spellcasting
  1451 | D:1      | Reached skill level 1 in Evocations
  1594 | D:1      | Found a faded altar of an unknown god.
  1730 | D:2      | Reached XP level 4. HP: 41/41 MP: 5/5
  1887 | D:2      | Reached skill level 1 in Conjurations
  1887 | D:2      | Reached skill level 1 in Hexes
  1887 | D:2      | Reached skill level 1 in Summonings
  1887 | D:2      | Reached skill level 1 in Necromancy
  1887 | D:2      | Reached skill level 1 in Translocations
  1887 | D:2      | Reached skill level 1 in Transmutations
  1887 | D:2      | Reached skill level 1 in Fire Magic
  1887 | D:2      | Reached skill level 1 in Ice Magic
  1887 | D:2      | Reached skill level 1 in Air Magic
  1887 | D:2      | Reached skill level 1 in Earth Magic
  1887 | D:2      | Reached skill level 1 in Poison Magic
  1938 | D:2      | Learned a level 1 spell: Freeze
  2023 | D:2      | Reached XP level 5. HP: 9/47 MP: 6/6
  2973 | D:2      | Found a runed translucent door.
  2974 | D:2      | Noticed Crazy Yiuf
  2976 | D:2      | You fall into a shaft and drop 2 floors!
  3789 | D:3      | Found a blossoming altar of Fedhas.
  4899 | D:4      | Reached XP level 6. HP: 53/53 MP: 8/8
  5442 | D:5      | Reached skill level 5 in Maces & Flails
  5442 | D:5      | Reached skill level 5 in Dodging
  5655 | D:5      | Noticed a sky beast
  5667 | D:5      | Noticed Edmund
  5675 | D:5      | Noticed Dowan
  5682 | D:5      | Killed a sky beast
  5734 | D:5      | Reached XP level 7. HP: 26/59 MP: 10/10
  5947 | D:5      | Noticed a steam dragon
  5959 | D:5      | Killed a steam dragon
  6162 | D:5      | Noticed Duvessa
  6241 | D:5      | Killed Duvessa
  6242 | D:5      | Reached skill level 10 in Stealth
  6251 | D:5      | Killed Dowan
  6322 | D:5      | Killed Edmund
  6323 | D:5      | Reached XP level 8. HP: 41/67 MP: 12/12
  6794 | D:2      | Killed Sigmund
  6931 | D:2      | Killed Terence
  7237 | D:2      | Killed Crazy Yiuf
  8549 | D:6      | Reached XP level 9. HP: 73/73 MP: 14/14
  8621 | D:6      | Noticed Prince Ribbit
  8647 | D:6      | Killed Prince Ribbit
  9442 | D:7      | Found a staircase to the Ecumenical Temple.
  9448 | Temple   | Entered the Ecumenical Temple
  9690 | D:7      | Found Laatyfun's Magic Scroll Boutique.
  9694 | D:7      | Bought a scroll of enchant armour for 97 gold pieces
  9694 | D:7      | Bought a scroll of enchant weapon for 97 gold pieces
  9694 | D:7      | Bought a scroll of teleportation for 39 gold pieces
 10059 | D:7      | Noticed a deep elf pyromancer
 10677 | D:7      | Killed a deep elf pyromancer
 10678 | D:7      | Reached skill level 5 in Invocations
 10974 | D:8      | Noticed Maurice
 10993 | D:8      | Killed Maurice
 10994 | D:8      | Reached XP level 10. HP: 5/80 MP: 17/17
 11910 | D:8      | Noticed a gargoyle
 11924 | D:8      | Killed a gargoyle
 11925 | D:8      | Reached skill level 5 in Short Blades
 11925 | D:8      | Reached skill level 5 in Long Blades
 11925 | D:8      | Reached skill level 5 in Axes
 11925 | D:8      | Reached skill level 5 in Polearms
 11925 | D:8      | Reached skill level 5 in Staves
 11925 | D:8      | Reached skill level 5 in Slings
 11925 | D:8      | Reached skill level 5 in Bows
 11925 | D:8      | Reached skill level 5 in Crossbows
 11925 | D:8      | Reached skill level 5 in Throwing
 11925 | D:8      | Reached skill level 5 in Armour
 11925 | D:8      | Reached skill level 5 in Shields
 11925 | D:8      | Reached skill level 5 in Unarmed Combat
 11925 | D:8      | Reached skill level 5 in Spellcasting
 11925 | D:8      | Reached skill level 5 in Evocations
 12018 | D:8      | Learned a level 3 spell: Frozen Ramparts
 12036 | D:8      | Noticed Maggie
 12040 | D:8      | Noticed Maggie
 12040 | D:8      | Maggie changed into Maggie the naga
 12041 | D:8      | Noticed Maggie
 12041 | D:8      | Maggie the naga changed into Maggie the steam dragon
 12062 | D:8      | Killed Maggie the steam dragon
 12221 | D:9      | Identified the +4 dagger "Anoc" {vorpal, +Blink MP+9 Int-5}
 12386 | D:9      | Noticed an orb spider
 12391 | D:9      | Killed an orb spider
 12391 | D:9      | Noticed a two-headed ogre
 12392 | D:9      | Reached skill level 11 in Stealth
 12526 | D:9      | Identified the +6 rapier "Impid" {freeze, *Slow rN+ Int+2}
 12548 | D:9      | Killed a two-headed ogre
 12851 | D:9      | Found a staircase to the Lair.
 13246 | D:9      | Reached XP level 11. HP: 87/87 MP: 19/19
 13558 | D:9      | Slain by a slime creature

Illustrated notes

Levels and vault maps discovered:
D:1:      dpeg_arrival_lava_temple_mockup, layout_basic,
          ebering_ecumenical_altar_mist
D:2:      layout_loops_ring, serial_rivers, chequers_serial_rivers_micro_d,
          chequers_serial_rivers_large_a, chequers_serial_rivers_small_3,
          chequers_serial_rivers_micro_b, chequers_serial_rivers_large_b,
          chequers_serial_rivers_small_a, uniq_crazy_yiuf_cottage, uniq_sigmund,
          uniq_terence
D:3:      corexii_shack_village, layout_basic, lemuel_tele_altar
D:4:      layout_basic
D:5:      layout_layer_cave, uniq_duvessa, uniq_edmund
D:6:      layout_loops_ring, minmay_misc_feat_doors, uniq_prince_ribbit1
D:7:      layout_basic, minmay_temple_entry_statues, serial_shops, shop,
          st_stairs_14
D:8:      layout_gridville, uniq_maurice, uniq_maggie
D:9:      layout_roguey, chei_slow_surprise, due_lair_maze_entry_diamond,
          chequers_serial_rivers_small_3, nicolae_take_the_stairs
Temple:   regret_index_temple_chain_breaker

Skill      XL: |  1  2  3  4  5  6  7  8  9 10 |
---------------+-------------------------------+-----
Stealth        | 10 11 | 11.2
Invocations    | 1 2 3 4 5 6 |  6.4
Short Blades   | 1 2 3 4 5 |  5.8
Long Blades    | 1 2 3 4 5 |  5.8
Axes           | 1 2 3 4 5 |  5.8
Polearms       | 1 2 3 4 5 |  5.8
Staves         | 1 2 3 4 5 |  5.8
Slings         | 1 2 3 4 5 |  5.8
Bows           | 1 2 3 4 5 |  5.8
Crossbows      | 1 2 3 4 5 |  5.8
Throwing       | 1 2 3 4 5 |  5.8
Armour         | 1 2 3 4 5 |  5.8
Shields        | 1 2 3 4 5 |  5.8
Unarmed Combat | 1 2 3 4 5 |  5.8
Spellcasting   | 1 2 3 4 5 |  5.8
Evocations     | 1 2 3 4 5 |  5.8
Conjurations   | 1 2 3 4 |  4.8
Hexes          | 1 2 3 4 |  4.8
Summonings     | 1 2 3 4 |  4.8
Necromancy     | 1 2 3 4 |  4.8
Translocations | 1 2 3 4 |  4.8
Transmutations | 1 2 3 4 |  4.8
Fire Magic     | 1 2 3 4 |  4.8
Ice Magic      | 1 2 3 4 |  4.8
Air Magic      | 1 2 3 4 |  4.8
Earth Magic    | 1 2 3 4 |  4.8
Poison Magic   | 1 2 3 4 |  4.8
Maces & Flails | 5 6 7 |  7.5
Dodging        | 5 6 7 |  7.5
Fighting       | 7 8 |  8.9

Action                   |  1- 3 |  4- 6 |  7- 9 | 10-12 || total
-------------------------+-------+-------+-------+-------++-------
Melee: Mace              |    93 |    23 |       |       ||   116
       Punch             |     2 |     1 |     9 |    11 ||    23
       Bite              |     7 |    17 |    27 |    22 ||    73
       Halberd           |     1 |    68 |     5 |       ||    74
       Flail             |       |   104 |   233 |   132 ||   469
       Hand axe          |       |    11 |       |       ||    11
       Unarmed           |       |       |     2 |       ||     2
       Quarterstaff      |       |       |    25 |       ||    25
 Fire: Shortbow          |       |       |     4 |    11 ||    15
Throw: Throwing net      |     1 |       |     2 |       ||     3
       Dart              |       |       |     9 |     1 ||    10
 Cast: Frozen Ramparts   |       |       |       |     6 ||     6
Evoke: Wand              |       |       |     3 |    18 ||    21
  Use: Potion            |     2 |     4 |     4 |     4 ||    14
       Scroll            |     1 |     8 |     7 |     2 ||    18
 Stab: Sleeping          |    10 |    17 |    10 |     2 ||    39
       Held in net/web   |     1 |       |     1 |       ||     2
       Distracted        |       |     3 |     3 |       ||     6
Armor: Leather armour    |    15 |     4 |    72 |    45 ||   136
       Ring mail         |       |    65 |     1 |       ||    66
       Skin              |       |       |     7 |       ||     7
Dodge: Dodged            |    43 |   110 |   197 |   113 ||   463
